 Dungeon Sprint DCSS version 0.27-a0-54-g64bdb92e38 (webtiles) character file.

Game seed: 18176170680037947407

20 tatocazan the Chiller (level 6, -2/41 HPs)
             Began as a Demonspawn Ice Elementalist on Jan 7, 2021.
             Slain by a guardian mummy (23 damage)
             ... in the Dungeon (Sprint VI: "Thunderdome").
             The game lasted 00:03:58 (334 turns).

tatocazan the Chiller (Demonspawn Ice Elementalist)  Turns: 334, Time: 00:03:58

Health: -2/41      AC: -2    Str:  9    XL:     6   Next: 8%
Magic:  0/15       EV: 16    Int: 23    God:
Gold:   60         SH:  0    Dex: 15    Spells: 9/17 levels left

rFire    + . .     SeeInvis +   l - +5 spear (distort)
rCold    x . .     Faith    +   (no shield)
rNeg     + . .     Spirit   +   a - +0 robe
rPois    .         Reflect  .   (no helmet)
rElec    .         Harm     .   (no cloak)
rCorr    .         Rampage  .   (no gloves)
Will     +....     NoTele   +   (no boots)
Stlth    ++++......             r - amulet of Kubuhori {Faith *Drain rN+ Int+2}
HPRegen  0.13/turn              p - ring "Veqaelag" {rF+ Will+ AC-4 SInv} (curse)
MPRegen  0.14/turn              q - ring "Gaexkesa" {+Blink rC- Int+3 Slay-4} (curse)

@: no status effects
A: thin skeletal structure 1, magic shield
a: Evoke Blink


You were in the Dungeon.
You visited 1 branch You collected 240 gold pieces.
You spent 180 gold pieces at shops.

Inventory:

Hand Weapons
 l - a +5 spear of distortion (weapon)
 m - a +4 quarterstaff of chaos
Armour
 a - a +0 robe (worn)
 n - a +0 cloak
Jewellery
 o - the amulet of the Priest {Spirit rF+ rN+ Stlth-}
   (You bought it in a shop in the Dungeon)

   [amulet of guardian spirit]

   It causes incoming damage to be split between your health and magic.
   It protects you from fire.
   It protects you from negative energy.
   It makes you less stealthy.
 p - the cursed ring "Veqaelag" (left hand) {rF+ Will+ AC-4 SInv}
   (You bought it in a shop in the Dungeon)

   [ring of protection]

   It affects your AC (-4).
   It protects you from fire.
   It affects your willpower, your defense against some magical effects.
   It lets you see invisible.
   It has a curse placed upon it.
 q - the cursed ring "Gaexkesa" (right hand) {+Blink rC- Int+3 Slay-4}
   (You bought it in a shop in the Dungeon)

   [ring of slaying]

   It affects your intelligence (+3).
   It affects your accuracy and damage with ranged weapons and melee attacks
   (-4).
   It makes you vulnerable to cold.
   It lets you blink.
   It has a curse placed upon it.
 r - the amulet of Kubuhori (around neck) {Faith *Drain rN+ Int+2}
   (You bought it in a shop in the Dungeon)

   [amulet of faith]

   It allows you to gain divine favour quickly.
   It affects your intelligence (+2).
   It protects you from negative energy.
   It causes draining when unequipped.
Wands
 b - a wand of acid (2)
 i - a wand of iceblast (3)
Scrolls
 h - 4 scrolls of blinking
 j - 3 scrolls of fog
Potions
 c - a potion of curing
 e - 4 potions of haste
 g - a potion of berserk rage
 k - 2 potions of resistance


   Skills:
 + Level 0.0 Fighting
 + Level 6.0 Dodging
 - Level 6.5 Stealth
 + Level 6.1 Spellcasting
 + Level 0.0 Conjurations
 * Level 6.9 Ice Magic


You had 9 spell levels left.
You knew the following spells:

 Your Spells              Type           Power        Failure   Level
a - Freeze                Ice            100%         1%          1
b - Frozen Ramparts       Ice            76%          1%          3
c - Hailstorm             Conj/Ice       22%          21%         4

Your spell library contained the following spells:

 Spells                   Type           Power        Failure   Level
 Ozocubu's Armour         Ice            38%          1%          3
 Summon Ice Beast         Ice/Summ       22%          21%         4


Dungeon Overview and Level Annotations

Branches:
Dungeon (1/1)

Altars:
Fedhas
Kikubaaqudgha
Makhleb
Qazlal
Sif Muna
Trog
Uskayaw
Xom
Jiyva
Lugonu

Shops:
D *[???:(


Innate Abilities, Weirdness & Mutations

You have a somewhat thin skeletal structure. (Dex +2, Stealth)
When hurt, damage is shared between your health and your magic reserves.


Message History

You hit the guardian mummy but do no damage.
The guardian mummy is heavily damaged.
The guardian mummy misses you.
You hit the guardian mummy.
Space bends around the guardian mummy.
The guardian mummy is heavily damaged.
The guardian mummy hits you!!
You take 19 damage, and have 13/41 hp.
MASSIVE DAMAGE!!
You now have 1/15 mp.
You feel much better. The guardian mummy hits you!
You regained 9 hp, and now have 22/41 hp.
You hit the guardian mummy but do no damage.
Space warps horribly around the guardian mummy!
The guardian mummy is almost destroyed.
The guardian mummy hits you.
Your magical contamination has completely faded away.
You take 1 damage, and have 21/41 hp.
You hit the guardian mummy.
The guardian mummy is almost destroyed.
The guardian mummy hits you!!
Ouch! That really hurt!
You die...

##⌠)⌠## #÷....#
##[....## ##∩.....∩##
#∩.......∩#
#_........#
#_........#
#_......._#
###@........###
#⌠M..........⌠#
######.8.........8.#
##.___......###......
#∩.)...)..8.# .8...
#.............###.....
#⌠..........###...# #.
#⌠..........# #.<.#
#⌠..........# #...#


You could see a guardian mummy.

Vanquished Creatures
  2 gnoll sergeants (D)
  Crazy Yiuf (D)
  A gnoll shaman (D)
  A gnoll (D)
  2 orcs (D)
7 creatures vanquished.

Notes
Turn   | Place    | Note
-------+----------+-------------------------------------------
     0 | D        | tatocazan the Demonspawn Ice Elementalist began the quest
                  | for the Orb.
     0 | D        | Reached XP level 1. HP: 13/13 MP: 3/3
     1 | D        | Found a blossoming altar of Fedhas.
     1 | D        | Found a viscous altar of Jiyva.
     2 | D        | Found a bloodstained altar of Trog.
     2 | D        | Found a hide-covered altar of Uskayaw.
     3 | D        | Found an ancient bone altar of Kikubaaqudgha.
     4 | D        | Found a burning altar of Makhleb.
     4 | D        | Found Okucuc's Magic Scroll Shop.
     4 | D        | Found Ydosuwah's Staff Store.
     5 | D        | Found Gion's Magic Scroll Shop.
     5 | D        | Found Kaschiaf's Must-Have Magic.
     5 | D        | Round 1.
     8 | D        | Noticed a gnoll sergeant
    10 | D        | Killed a gnoll sergeant
    11 | D        | Gained mutation: You have a somewhat thin skeletal
                  | structure. (Dex +2, Stealth) [demonic ancestry]
    11 | D        | Reached XP level 2. HP: 19/19 MP: 3/6
    11 | D        | Gained mutation: When hurt, damage is shared between your
                  | health and your magic reserves. [demonic ancestry]
    11 | D        | Reached XP level 3. HP: 24/24 MP: 4/8
    27 | D        | Noticed Crazy Yiuf
    34 | D        | Killed Crazy Yiuf
    35 | D        | Reached skill level 5 in Ice Magic
    35 | D        | Reached XP level 4. HP: 30/30 MP: 8/10
    47 | D        | Noticed a gnoll sergeant
    51 | D        | Killed a gnoll sergeant
    52 | D        | Reached skill level 5 in Stealth
    52 | D        | Reached skill level 5 in Spellcasting
    52 | D        | Reached XP level 5. HP: 13/35 MP: 4/12
    93 | D        | Reached skill level 5 in Dodging
   115 | D        | Found a shimmering blue altar of Sif Muna.
   122 | D        | Found Gisanku's Jewellery.
   122 | D        | Found Coik's Advanced Armour.
   122 | D        | Found a corrupted altar of Lugonu.
   122 | D        | Found a stormy altar of Qazlal.
   122 | D        | Found a shimmering altar of Xom.
   122 | D        | Found Zorayc's Identification Station.
   131 | D        | Arena points: 12 (+12) [x2]
   164 | D        | Round 2.
   171 | D        | Bought a wavering diamond amulet for 45 gold pieces
   171 | D        | Bought a brightly glowing silver ring for 45 gold pieces
   171 | D        | Bought a twitching lapis lazuli ring for 45 gold pieces
   171 | D        | Identified the cursed ring "Veqaelag" {rF+ Will+ AC-4 SInv}
                  | (You bought it in a shop in the Dungeon)
   177 | D        | Identified the amulet of the Priest {Spirit rF+ rN+ Stlth-}
                  | (You bought it in a shop in the Dungeon)
   177 | D        | Identified the cursed ring "Gaexkesa" {+Blink rC- Int+3
                  | Slay-4} (You bought it in a shop in the Dungeon)
   183 | D        | Learned a level 3 spell: Frozen Ramparts
   250 | D        | Noticed an orc warrior
   259 | D        | Banished an orc warrior
   260 | D        | Reached XP level 6. HP: 34/41 MP: 9/15
   268 | D        | Learned a level 4 spell: Hailstorm
   274 | D        | Bought a steaming silver amulet for 45 gold pieces
   284 | D        | Identified the amulet of Kubuhori {Faith *Drain rN+ Int+2}
                  | (You bought it in a shop in the Dungeon)
   291 | D        | Arena points: 20 (+8) [x1]
   306 | D        | Round 3.
   314 | D        | Noticed a guardian mummy
   334 | D        | Slain by a guardian mummy

Illustrated notes

Levels and vault maps discovered:
D:        arena_sprint

Skill      XL: |  1  2  3  4  5 |
---------------+----------------+-----
Dodging        | 3 4 6 |  6.0
Stealth        | 4 5 6 |  6.5
Spellcasting   | 3 4 5 6 |  6.1
Ice Magic      | 4 5 6 |  6.9

Action                   |  1- 3 |  4- 6 || total
-------------------------+-------+-------++-------
Melee: Spear             |     3 |    12 ||    15
 Cast: Freeze            |     3 |    11 ||    14
       Frozen Ramparts   |       |     3 ||     3
       Hailstorm         |       |     2 ||     2
Evoke: Wand              |     2 |     3 ||     5
  Use: Potion            |     2 |     4 ||     6
Dodge: Dodged            |     3 |     7 ||    10

Table legend: (Time is in decaauts)
 A = Elapsed time spent in this place.
 B = Non-inter-level travel time spent in this place.
 C = Inter-level travel time spent in this place.
 D = Time resting spent in this place.
 E = Time spent auto-exploring this place.
 F = Levels seen in this place.
 G = Mean time per level.
                   A        B        C        D        E       F      G
               +--------+--------+--------+--------+--------+-----+--------+
         Total |    333 |    333 |      0 |    173 |     22 |   1 |  333.0 |
       Dungeon |    333 |    333 |      0 |    173 |     22 |   1 |  333.0 |
               +--------+--------+--------+--------+--------+-----+--------+

Top non-repeatable levels by time:
       D: 333 daAuts
